Map: [ESL] Equilibrium

Players

DisK

  • Race: Protoss Protoss
  • Spawn Location: 11:00

trigger - Winner!

  • Race: Protoss Protoss
  • Spawn Location: 1:00

Event: ESL SC2 Masters 2023 Winter (Regional)

VOD

Have the link to the VOD?

Description

Time

  • Played on: Nov. 9, 2023, 2:31 p.m.
  • Length: 22:09

All games in this series

Show
View Real Time Build Order
Export as new Build Order

DisK Protoss 

Build Orders:  

Get SALT Encoding   

  12  0:00  Probe  
  13  0:12  Probe  
  14  0:18  Pylon  
  14  0:24  Probe  
  15  0:36  Gateway  
  15  0:37  Probe (Chrono Boost)  
  16  0:46  Assimilator, Probe (Chrono Boost)  
  17  0:51  Probe (Chrono Boost)  
  17  0:54  Assimilator  
  18  1:03  Probe (Chrono Boost)  
  19  1:07  Gateway  
  19  1:13  Probe (Chrono Boost)  
  19  1:18  Probe (Chrono Boost)  
  20  1:23  Cybernetics Core  
  21  1:29  Probe  
  22  1:35  Pylon  
  22  1:41  Probe  
  23  1:57  Warp Gate (Chrono Boost)  
  23  2:00  Stalker x2  
  27  2:02  Probe  
  27  2:07  Pylon  
  28  2:20  Probe  
  29  2:30  Stalker x2  
  29  2:35  Robotics Facility  
  33  2:41  Shield Battery  
  33  2:59  Gateway  
  33  3:05  Stalker x2  
  37  3:22  Pylon  
  37  3:24  Warp Prism (Chrono Boost)  
  38  3:49  Stalker x2  
  38  3:52  Stalker  
  42  4:15  Adept x2  
  44  4:22  Stalker  
  46  4:25  Probe  
  47  4:44  Nexus  
  47  4:53  Pylon  
  47  5:10  Twilight Council  
  47  5:11  Observer, Shield Battery  
  48  5:20  Probe (Chrono Boost)  
  49  5:32  Probe (Chrono Boost)  
  50  5:37  Probe (Chrono Boost)  
  50  5:41  Blink (Chrono Boost)  
  51  5:46  Probe (Chrono Boost)  
  52  5:52  Sentry  
  52  5:55  Pylon  
  55  5:58  Probe (Chrono Boost)  
  55  6:03  Probe (Chrono Boost)  
  56  6:05  Probe (Chrono Boost)  
  56  6:09  Probe  
  58  6:12  Probe  
  58  6:18  Gateway  
  59  6:20  Gateway  
  59  6:21  Probe  
  59  6:24  Probe  
  61  6:29  Immortal  
  65  6:33  Probe  
  65  6:35  Pylon  
  65  6:37  Probe  
  67  6:42  Pylon  
  67  6:43  Stalker  
  67  6:45  Probe  
  70  6:53  Probe  
  71  6:54  Stalker  
  71  6:55  Stalker  
  71  7:00  Probe  
  76  7:05  Probe  
  77  7:13  Nexus  
  77  7:17  Stalker  
  77  7:18  Pylon  
  77  7:21  Stalker x2  
  83  7:25  Stalker  
  83  7:28  Probe  
  86  7:31  Assimilator  
  86  7:33  Assimilator  
  86  7:37  Observer, Shield Battery, Probe  
  88  7:40  Pylon  
  88  7:42  Probe  
  89  7:49  Probe  
  89  7:54  Probe  
  90  8:00  Stalker x2  
  90  8:01  Robotics Bay, Probe  
  95  8:06  Stalker  
  95  8:09  Shield Battery  
  95  8:11  Stalker  
  99  8:13  Probe  
  99  8:14  Probe  
  101  8:20  Forge  
  104  8:27  Probe (Chrono Boost)  
  104  8:30  Probe (Chrono Boost)  
  104  8:32  Probe (Chrono Boost)  
  104  8:35  Stalker  
  104  8:36  Probe (Chrono Boost)  
  104  8:39  Stalker, Probe (Chrono Boost)  
  110  8:48  Stalker x2  
  114  8:53  Pylon  
  114  8:55  Observer  
  114  8:59  Disruptor  
  116  9:04  Protoss Ground Weapons Level 1 (Chrono Boost)  
  116  9:09  Pylon  
  116  9:10  Pylon  
  116  9:11  Stalker x3  
  122  9:20  Stalker  
  120  9:24  Observer, Probe  
  120  9:28  Probe x2  
  120  9:29  Assimilator  
  123  9:36  Disruptor  
  123  9:37  Probe  
  128  9:46  Stalker x4  
  128  9:50  Robotics Facility  
  128  9:52  Gateway, Probe x2  
  138  9:56  Assimilator  
  126  10:23  Probe x3  
  126  10:26  Stalker x4  
  135  10:30  Pylon  
  135  10:35  Probe  
  136  10:36  Gateway x2  
  136  10:38  Probe  
  136  10:42  Nexus  
  137  10:43  Probe  
  137  10:48  Probe  
  139  10:50  Probe  
  139  10:54  Photon Cannon  
  139  10:55  Probe  
  139  10:57  Protoss Ground Weapons Level 2 (Chrono Boost)  
  137  10:58  Stalker x3  
  137  10:59  Stalker  
  137  11:00  Disruptor  
  149  11:12  Pylon  
  149  11:23  Photon Cannon  
  149  11:24  Pylon  
  149  11:25  Photon Cannon, Pylon  
  149  11:31  Stalker x4  
  157  11:36  Photon Cannon  
  157  11:39  Pylon  
  157  11:41  Gravitic Boosters  
  157  11:44  Disruptor (Chrono Boost)  
  157  11:45  Observer (Chrono Boost), Photon Cannon  
  161  11:49  Shield Battery  
  161  11:55  Photon Cannon  
  161  11:58  Stalker x2  
  161  12:00  Probe x3  
  168  12:14  Assimilator  
  163  12:16  Probe x4  
  163  12:17  Pylon  
  163  12:21  Assimilator  
  165  12:22  Pylon  
  143  12:33  Stalker x6  
  155  12:38  Disruptor x2  
  163  12:45  Photon Cannon  
  163  12:47  Photon Cannon  
  163  12:50  Pylon  
  163  13:04  Stalker x7  
  177  13:06  Charge  
  167  13:28  Zealot  
  167  13:29  Zealot x6  
  172  13:35  Observer  
  166  13:43  Disruptor  
  166  13:44  Disruptor  
  166  13:47  Probe  
  166  13:48  Probe x3  
  176  13:53  Zealot x7  
  182  14:00  Probe  
  182  14:01  Probe x3  
  167  14:12  Probe  
  146  14:17  Stalker x6  
  146  14:18  Stalker  
  146  14:19  Probe  
  150  14:34  Probe x3 (Chrono Boost)  
  150  14:35  Probe (Chrono Boost)  
  154  14:45  Stalker x3, Probe x4 (Chrono Boost)  
  164  14:47  Protoss Ground Weapons Level 3 (Chrono Boost)  
  164  14:48  Zealot x4  
  164  14:52  Probe x2  
  172  14:53  Probe  
  172  14:58  Assimilator x2, Shield Battery  
  167  15:00  Assimilator  
  165  15:08  Stalker x4  
  173  15:16  Observer  
  173  15:17  Observer  
  172  15:22  Photon Cannon  
  172  15:29  Stalker x3  
  175  15:48  Stalker x4  
  173  16:08  Probe x4  
  175  16:16  Stalker x6  
  187  16:35  Pylon  
  187  16:37  Disruptor, Pylon  
  187  16:39  Pylon  
  174  16:58  Stalker x6  
  186  17:09  Stalker  
  148  18:09  Observer  
  140  18:20  Observer  
  140  18:22  Stalker x7  
  142  18:41  Observer  
  142  18:45  Observer  
  142  19:00  Stalker x7  
  156  19:28  Stalker  
  157  20:41  Stalker  
  157  20:53  Stalker x5  
  151  21:11  Observer  
Show
View Real Time Build Order
Export as new Build Order

trigger Protoss - Winner!

Build Orders: Phoenix Opening 

Get SALT Encoding   

  12  0:00  Probe  
  13  0:12  Probe  
  14  0:16  Pylon  
  14  0:24  Probe (Chrono Boost)  
  16  0:36  Probe (Chrono Boost)  
  16  0:37  Gateway  
  16  0:43  Probe (Chrono Boost)  
  16  0:46  Assimilator  
  17  0:50  Probe  
  17  0:54  Assimilator  
  18  1:03  Probe (Chrono Boost)  
  19  1:07  Gateway  
  19  1:13  Probe (Chrono Boost)  
  19  1:17  Probe (Chrono Boost)  
  20  1:23  Cybernetics Core  
  21  1:29  Probe  
  22  1:33  Pylon  
  22  1:41  Probe  
  23  1:53  Probe  
  24  2:00  Warp Gate, Stalker  
  26  2:06  Sentry  
  26  2:07  Pylon  
  28  2:29  Stalker  
  30  2:37  Nexus  
  30  2:40  Phoenix  
  30  2:41  Probe  
  31  2:48  Stalker  
  33  2:53  Probe  
  34  2:59  Sentry  
  34  3:04  Pylon  
  36  3:07  Probe  
  37  3:18  Sentry  
  39  3:23  Probe  
  40  3:28  Robotics Facility  
  40  3:30  Shield Battery  
  39  3:50  Sentry  
  39  3:53  Sentry, Shield Battery  
  43  3:58  Shield Battery  
  43  3:59  Pylon  
  43  4:14  Zealot x2, Immortal (Chrono Boost)  
  51  4:22  Probe x2  
  53  4:32  Stalker  
  54  5:00  Phoenix, Probe (Chrono Boost)  
  55  5:07  Probe (Chrono Boost)  
  55  5:10  Warp Prism (Chrono Boost)  
  55  5:11  Stalker  
  55  5:12  Shield Battery  
  61  5:14  Probe (Chrono Boost)  
  61  5:18  Phoenix  
  61  5:19  Probe (Chrono Boost)  
  61  5:21  Probe (Chrono Boost)  
  61  5:27  Probe (Chrono Boost)  
  63  5:33  Probe (Chrono Boost)  
  63  5:42  Immortal (Chrono Boost)  
  69  5:44  Probe x2 (Chrono Boost)  
  69  5:49  Probe (Chrono Boost)  
  69  5:56  Pylon  
  70  6:01  Pylon  
  70  6:02  Pylon  
  69  6:11  Probe  
  68  6:14  Probe  
  68  6:16  Assimilator  
  68  6:17  Assimilator  
  69  6:19  Twilight Council  
  69  6:20  Observer (Chrono Boost)  
  69  6:21  Phoenix  
  69  6:23  Probe  
  71  6:26  Probe  
  72  6:39  Probe x2 (Chrono Boost)  
  74  6:46  Forge  
  74  6:48  Probe (Chrono Boost)  
  74  6:50  Probe (Chrono Boost)  
  74  6:53  Stalker x2  
  74  6:54  Probe (Chrono Boost)  
  80  6:59  Probe  
  82  7:06  Blink (Chrono Boost), Probe  
  83  7:11  Probe  
  83  7:12  Protoss Ground Weapons Level 1 (Chrono Boost)  
  83  7:13  Nexus  
  84  7:18  Probe  
  85  7:23  Pylon  
  85  7:25  Probe  
  86  7:30  Probe  
  86  7:33  Stalker x2  
  86  7:36  Phoenix  
  91  7:37  Probe  
  91  7:42  Shield Battery, Probe  
  93  7:48  Gateway  
  93  7:50  Probe  
  94  7:54  Pylon, Probe  
  95  7:59  Stalker x2  
  95  8:02  Probe  
  100  8:07  Probe  
  100  8:08  Gateway  
  101  8:15  Pylon, Probe  
  101  8:19  Probe  
  103  8:22  Stalker x2  
  103  8:27  Probe  
  108  8:28  Probe  
  108  8:31  Probe  
  110  8:39  Probe  
  110  8:41  Probe  
  112  8:42  Observer  
  112  8:45  Probe  
  113  8:48  Stalker x3  
  113  8:53  Charge (Chrono Boost)  
  113  8:55  Nexus  
  119  8:56  Pylon  
  119  9:00  Probe  
  120  9:05  Protoss Ground Weapons Level 2 (Chrono Boost), Probe  
  120  9:07  Probe  
  122  9:13  Gateway  
  122  9:14  Gateway  
  121  9:21  Probe  
  122  9:24  Probe x2  
  122  9:26  Assimilator, Stalker x3  
  122  9:28  Photon Cannon  
  122  9:31  Stalker  
  132  9:39  Probe x3  
  132  9:40  Photon Cannon  
  132  9:42  Shield Battery  
  132  9:44  Pylon  
  133  9:51  Probe  
  134  9:53  Gateway  
  134  9:55  Probe x2  
  134  9:56  Gateway  
  134  9:58  Photon Cannon  
  136  10:04  Photon Cannon  
  136  10:08  Dark Shrine  
  136  10:13  Stalker x3  
  136  10:14  Stalker  
  110  10:22  Stalker x4  
  110  10:23  Stalker x2  
  110  10:24  Observer (Chrono Boost)  
  113  10:34  Unknown  
  113  10:41  Gateway  
  113  10:42  Observer (Chrono Boost)  
  113  10:45  Gateway, Probe x2  
  113  10:47  Stalker x4  
  113  10:48  Stalker x3  
  125  11:02  Stalker  
  127  11:05  Immortal (Chrono Boost)  
  129  11:12  Nexus, Stalker x3  
  129  11:13  Stalker x2  
  129  11:16  Photon Cannon  
  139  11:18  Pylon  
  139  11:20  Shadow Stride (Chrono Boost)  
  139  11:23  Probe x2  
  141  11:31  Protoss Ground Weapons Level 3 (Chrono Boost)  
  141  11:37  Observer, Stalker x7  
  156  11:45  Photon Cannon, Probe x2  
  156  11:46  Probe  
  159  11:56  Stalker x3  
  165  12:02  Stalker x3  
  165  12:08  Pylon  
  171  12:09  Pylon  
  147  12:34  Observer, Stalker  
  147  12:35  Stalker x4  
  147  12:36  Stalker x5  
  165  12:41  Probe x3  
  165  12:42  Gateway  
  165  12:43  Gateway, Probe  
  169  12:44  Probe  
  169  12:45  Gateway  
  169  12:47  Gateway  
  170  12:53  Pylon  
  170  12:56  Observer  
  170  12:57  Observer  
  170  12:59  Zealot x6  
  170  13:00  Zealot x3  
  170  13:02  Robotics Bay  
  188  13:10  Probe  
  188  13:12  Probe  
  190  13:18  Observer  
  186  13:28  Zealot x7  
  198  13:38  Warp Prism  
  190  13:45  Dark Templar x3  
  192  13:52  Robotics Facility  
  190  13:56  Nexus  
  190  13:59  Zealot x2  
  190  14:00  Zealot x3  
  182  14:14  Disruptor  
  156  14:19  Stalker x3  
  156  14:20  Stalker x11  
  176  14:35  Protoss Ground Armor Level 1 (Chrono Boost)  
  174  14:38  Pylon  
  174  14:40  Photon Cannon  
  174  14:44  Photon Cannon  
  174  14:45  Stalker x2  
  174  14:46  Zealot x10  
  195  15:03  Photon Cannon  
  195  15:05  Shield Battery  
  195  15:06  Disruptor  
  199  15:08  Pylon  
  199  15:12  Photon Cannon  
  199  15:14  Pylon  
  198  15:18  Pylon  
  198  15:21  Pylon  
  198  15:24  Photon Cannon  
  198  15:25  Photon Cannon  
  198  15:28  Pylon  
  198  15:30  Shield Battery  
  198  15:33  Photon Cannon  
  198  15:34  Photon Cannon  
  198  15:36  Photon Cannon  
  199  15:42  Observer, Assimilator  
  181  15:54  Disruptor  
  181  16:03  Disruptor  
  183  16:05  Stalker x10  
  192  16:30  Nexus, Disruptor  
  192  16:31  Zealot x9  
  200  16:37  Gravitic Boosters, Photon Cannon  
  200  16:39  Photon Cannon  
  200  16:41  Observer, Photon Cannon  
  195  16:51  Disruptor  
  193  16:56  Photon Cannon  
  193  16:57  Robotics Facility  
  181  17:05  Disruptor  
  175  17:17  Pylon  
  175  17:20  Photon Cannon  
  175  17:22  Shield Battery  
  175  17:23  Photon Cannon  
  175  17:28  Warp Prism (Chrono Boost)  
  175  17:29  Dark Templar  
  177  17:34  Stalker x12  
  199  17:42  Observer (Chrono Boost)  
  197  17:52  Dark Templar  
  197  17:53  Disruptor (Chrono Boost)  
  190  18:00  Disruptor (Chrono Boost)  
  193  18:10  Zealot x5  
  193  18:11  Observer  
  194  18:17  Gateway  
  190  18:23  Gateway x3  
  190  18:28  Disruptor x2  
  196  18:35  Gateway, Pylon  
  196  18:37  Zealot x4  
  193  18:52  Forge  
  193  18:55  Cybernetics Core  
  192  19:01  Zealot x4  
  198  19:08  Observer  
  199  19:26  Photon Cannon  
  199  19:33  Photon Cannon  
  199  19:34  Shield Battery  
  199  19:36  Shield Battery, Pylon  
  198  19:52  Observer  
  199  19:56  Pylon  
  197  20:00  Pylon  
  195  20:17  Shield Battery x2  
  195  20:19  Zealot x2, Shield Battery  
  173  20:22  Nexus  
  160  20:30  Zealot x7  
  160  20:33  Nexus, Pylon  
  160  20:35  Immortal x2  
  180  20:40  Robotics Bay  
  180  20:42  Zealot, Pylon  
  176  20:43  Zealot  
  180  20:57  Stalker x7, Pylon  
  180  20:59  Unknown  
  172  21:16  Immortal  
  173  21:19  Zealot x2  
  173  21:20  Zealot x7  
  181  21:26  Gateway  
  181  21:28  Gateway  
  177  21:40  Shield Battery  
  177  21:41  Stalker  
  177  21:42  Stalker x6  
  185  21:54  Zealot x2  
Tags
 
Add a new tag
Caveats
  • Supply blocks, unpowered buildings, or Contaminate may cause inaccurate times.
  • Supply counts are checked every 10 seconds.